 Dungeon Crawl Stone Soup version 0.26.0-10-g1f06aea511 (webtiles) character file.

Game seed: 10752164540566546105

297 Inarius the Chopper (level 6, -3/51 HPs)
             Began as a Minotaur Gladiator on Jan 16, 2021.
             Slain by an orc
             ... wielding a +0 war axe
              (9 damage)
             ... on level 4 of the Dungeon.
             The game lasted 00:03:23 (3754 turns).

Inarius the Chopper (Minotaur Gladiator)            Turns: 3754, Time: 00:03:24

Health: -3/51      AC:  3    Str: 20 (21) XL:     6   Next: 12%
Magic:  5/5        EV: 12    Int:  5      God:
Gold:   118        SH:  0    Dex: 10 (11) Spells: 5/5 levels left

rFire    . . .     SeeInvis .   a - +0 war axe
rCold    . . .     Faith    .   (no shield)
rNeg     . . .     Spirit   .   b - +0 leather armour
rPois    +         Reflect  .   c - +0 hat
rElec    .         Harm     .   (no cloak)
rCorr    .         Rampage  .   (no gloves)
Will     .....                  (no boots)
Stlth    +.........             s - amulet of magic regeneration
HPRegen  0.17/turn              l - ring of poison resistance
MPRegen  0.34/turn              (no ring)

@: flying
A: retaliatory headbutt, horns 2
a: no special abilities


You were on level 4 of the Dungeon.
You visited 1 branch of the dungeon, and saw 4 of its levels.

You collected 118 gold pieces.

Inventory:

Hand Weapons
 a - a +0 war axe (weapon)
Missiles
 d - 3 throwing nets (quivered)
Armour
 b - a +0 leather armour (worn)
 c - a +0 hat (worn)
Jewellery
 l - a ring of poison resistance (left hand)
 s - an amulet of magic regeneration (around neck)
Scrolls
 e - 2 scrolls of magic mapping {unknown}
 h - a scroll of enchant armour {unknown}
 j - 4 scrolls of identify {unknown}
 k - 3 scrolls of remove curse {unknown}
 o - 2 scrolls of teleportation {unknown}
 p - a scroll of fear {unknown}
Potions
 f - 2 potions of cancellation
 g - 2 potions of degeneration
 i - 2 potions of curing {unknown}
 m - a potion of magic {unknown}
 n - a potion of lignification {unknown}
 q - 5 potions of flight
 r - a potion of mutation {unknown}


   Skills:
 + Level 3.3 Fighting
 * Level 7.1 Axes
 - Level 2.0 Throwing
 * Level 3.2 Armour
 - Level 3.2 Dodging


You had 5 spell levels left.
You didn't know any spells.
Your spell library was empty.

Dungeon Overview and Level Annotations

Branches:
Dungeon (4/15)
 Temple: D:4-7

Altars:


Innate Abilities, Weirdness & Mutations

You reflexively headbutt those who attack you in melee.
You have a pair of horns on your head.


Message History

The orc is moderately wounded.
The orc hits you with a +0 war axe.
The orc priest mumbles some strange prayers to Beogh against you.
Beogh smites you!
You hit the orc.
The orc is heavily wounded.
A worker ant comes into view.
The orc closely misses you.
You hit the orc but do no damage. Your headbutt misses the orc.
The orc is heavily wounded.
The orc priest invokes the aid of Beogh against you.
Beogh smites you!
* * * LOW HITPOINT WARNING * * *
Unknown command.
Okay, then.
Okay, then.
It was a potion of flight.
You feel very buoyant.
You fly up into the air.
The orc hits you with a +0 war axe!
You die...

#.##.......#............
#...................##..
...................#..# ..
##............#........
>..#......†......#...##...
...........##....##...##..
.....B.....####..#........
.....#)..o...#.#.#...##...
.......o.@.....#...# #...
...[..##..........#####...
................###.......
#...............#.....#...
#####...........#...####.#
#......###.....## #...
........ #......####..
##....... ###.....##...
#..#...#...


You could see a worker ant, an orc priest and an orc.

Vanquished Creatures
  A phantom (D:4)
  A scorpion (D:4)
  An orc wizard (D:3)
  Robin (D:2)
  A howler monkey skeleton (D:4)
  A shadow imp (D:4)
  An ooze (D:2)
  2 worms
  5 dart slugs (D:1)
  4 leopard geckos
  5 orcs
  3 giant cockroaches
  16 goblins
  8 hobgoblins
  5 kobolds
  4 quokkas
  6 bats
  2 frilled lizards
  15 rats
82 creatures vanquished.

Notes
Turn   | Place    | Note
-------+----------+-------------------------------------------
     0 | D:1      | Inarius the Minotaur Gladiator began the quest for the Orb.
     0 | D:1      | Reached XP level 1. HP: 18/18 MP: 0/0
   157 | D:1      | Reached skill level 4 in Axes
   246 | D:1      | Reached XP level 2. HP: 23/25 MP: 1/1
   314 | D:1      | Reached skill level 1 in Armour
   712 | D:1      | Reached XP level 3. HP: 30/30 MP: 2/2
   891 | D:2      | Noticed Robin
  1276 | D:2      | Killed Robin
  1277 | D:2      | Reached skill level 5 in Axes
  1582 | D:2      | Reached XP level 4. HP: 37/37 MP: 3/3
  2310 | D:3      | HP: 1/38 [orc/+0 mace (3)]
  3089 | D:4      | Reached skill level 6 in Axes
  3089 | D:4      | Reached XP level 5. HP: 37/45 MP: 4/4
  3300 | D:4      | Noticed a phantom
  3533 | D:4      | Killed a phantom
  3534 | D:4      | Reached skill level 7 in Axes
  3534 | D:4      | Reached XP level 6. HP: 35/51 MP: 5/5
  3754 | D:4      | Slain by an orc

Illustrated notes

Levels and vault maps discovered:
D:1:      ebering_trefoil_twist, layout_basic, solitary_fountain, minmay_unequal
D:2:      layout_basic, minmay_rat_gold_closets, uniq_robin
D:3:      layout_loops_ring
D:4:      layout_cave_pools

Skill      XL: |  1  2  3  4  5 |
---------------+----------------+-----
Axes           | 4 5 6 7 |  7.1
Armour         | 1 2 3 |  3.2
Fighting       | 3 |  3.3
Throwing       | |  2.0
Dodging        | |  3.2

Action                   |  1- 3 |  4- 6 || total
-------------------------+-------+-------++-------
Melee: War axe           |    72 |    96 ||   168
       Headbutt          |    11 |    14 ||    25
Throw: Throwing net      |       |     9 ||     9
  Use: Potion            |       |     4 ||     4
 Stab: Sleeping          |     1 |       ||     1
Armor: Leather armour    |    14 |    11 ||    25
Dodge: Dodged            |    52 |    57 ||   109
